 Dungeon Crawl Stone Soup version 0.31-a0-1612-g4aaf141004 (webtiles) character file.

Game seed: 16581408717313927234

24959 Dirian the Mimic (level 12, -11/100 HPs)
             Began as a Red Draconian Shapeshifter on Jan 9, 2024.
             Was an Elder of Ru.
             Mangled by a catoblepas (18 damage)
             ... on level 5 of the Lair of Beasts.
             The game lasted 00:31:27 (13177 turns).

Dirian the Mimic (Red Draconian Shapeshifter)      Turns: 13177, Time: 00:31:28

Health: -11/100    AC: 12    Str: 20    XL:     12   Next: 85%
Magic:  12/12      EV:  9    Int: 10    God:    Ru [****..]
Gold:   1032       SH:  5    Dex: 13    Spells: 11/11 levels left

rFire   + .          .
                       - Unarmed
rCold   . . .        D - +1 buckler
rNeg    . . .        (body armour unavailable)
rPois   .            (helmet restricted)
rElec   .            l - +0 cloak
rCorr   +            C - +0 pair of gloves
SInv    .            F - +1 pair of boots
Will    +....        i - amulet of regeneration Stlth
                     o - ring of willpower
HPRegen 1.16/turn    s - ring of resist corrosion
MPRegen 0.13/turn

%: no passive effects
@: maw-form, petrifying, studying Dodging, very slow
A: devouring maw, breathe fire, AC +8, unfitting armour, fire resistance 1,
cold-blooded, no stealth, inability to use devices, hated by all
a: Breathe Fire, Begin Untransformation, Renounce Religion, Draw Out Power,
Power Leap


You were on level 5 of the Lair of Beasts.
You worshipped Ru.
Ru was greatly pleased with you.
You were a creature with a mouth for a stomach.
You visited 2 branches of the dungeon, and saw 17 of its levels.
You also visited: Bailey.

You collected 1175 gold pieces.
You spent 143 gold pieces at shops.

Inventory:

Missiles
 k - a javelin
 u - 24 boomerangs (quivered)
 E - a throwing net
Armour
 l - a +0 cloak (worn)
 C - a +0 pair of gloves (worn)
 D - a +1 buckler (worn)
 F - a +1 pair of boots (worn)
Jewellery
 i - an amulet of regeneration (around neck)
 j - a ring of protection from fire
 o - a ring of willpower (left hand)
 s - a ring of resist corrosion (right hand)
 v - a ring of poison resistance
 y - a ring of see invisible
Talismans
 b - a beast talisman
 c - a flux talisman
 n - a maw talisman (active)
Scrolls
 e - a scroll of enchant weapon
 g - 4 scrolls of fog
 r - 4 scrolls of identify
 t - 5 scrolls of teleportation
 x - 2 scrolls of fear
 B - a scroll of acquirement
Potions
 a - 2 potions of lignification
 d - 3 potions of ambrosia
 h - a potion of haste
 m - 2 potions of enlightenment
 p - 3 potions of invisibility
 q - 11 potions of curing
 w - 6 potions of heal wounds
 z - 2 potions of brilliance
 A - 2 potions of mutation
 G - a potion of berserk rage {unknown}


   Skills:
 * Level 7.5 Fighting
 + Level 6.3 Throwing
 + Level 11.6 Dodging
 + Level 1.5 Shields
 - Level 10.4 Unarmed Combat
 * Level 13.1 Shapeshifting


You had 11 spell levels left.
You didn't know any spells.
Your spell library contained the following spells:

 Spells                   Type           Power      Damage    Failure   Level
 Slow                     Hex            0%         N/A       43%         1
 Ensorcelled Hibernation  Hex/Ice        0%         N/A       58%         2
 Confusing Touch          Hex            0%         N/A       82%         3
 Hailstorm                Conj/Ice       0%         3d5       82%         3
 Passwall                 Erth           0%         N/A       82%         3
 Sigil of Binding         Hex            0%         N/A       82%         3
 Stone Arrow              Conj/Erth      0%         3d7       82%         3
 Swiftness                Air            0%         N/A       82%         3
 Vampiric Draining        Necr           0%         2d6       82%         3
 Brom's Barrelling Bould  Conj/Erth      0%         2d3       99%         4
 Fireball                 Conj/Fire      0%         3d3       100%        5
 Iskenderun's Battlesphe  Conj           0%         2d6       100%        5
 Lee's Rapid Deconstruct  Erth           0%         3d4*      100%        5
 Conjure Ball Lightning   Conj/Air       0%         3x3d6     100%        6
 Orb of Destruction       Conj           0%         9d5       100%        7
 Lehudib's Crystal Spear  Conj/Erth      0%         10d2      100%        8
 Summon Ice Beast         Ice/Summ       Unusable   N/A       N/A         3
 Animate Armour           Summ/Erth      Unusable   N/A       N/A         4
 Summon Lightning Spire   Summ/Air       Unusable   N/A       N/A         4
 Sculpt Simulacrum        Ice/Alch       Unusable   N/A       N/A         6

Dungeon Overview and Level Annotations

Branches:
Dungeon (13/15) Zot: 26929  Temple (0/1) D:5            Lair (3/5) D:11 Zot: 22105
  Swamp (0/4) Lair:2        Slime (0/5) Lair:5          Orc (0/2) D:11
 Bailey (visited)
  Snake: Lair:2-3    Spider: Lair:2-3    Vaults: D:13-14

Altars:
Ashenzari
Elyvilon
Kikubaaqudgha
Okawaru
Ru
Trog
Uskayaw
Wu Jian
Xom
Zin

Shops:
D:4 !   D:7 =

Annotations:
D:9 1 runed translucent door, Flippered's ghost, novice SpHu
D:10 2 runed translucent doors, Sapher's ghost, weakling SpDe


Innate Abilities, Weirdness & Mutations

You are a creature with a mouth for a stomach.
Your midsection houses a second, enormous mouth.
You can breathe blasts of fire.
Your fiery red scales are hard. (AC +8)
You cannot fit into any form of body armour.
Your flesh is heat resistant. (rF+)
You are cold-blooded and may be slowed by cold attacks.
You cannot be stealthy.
You cannot study or use magical devices.
You are hated by all.


Message History

The catoblepas gores you but does no damage.
You are engulfed in calcifying dust.
The death yak gores you!!
The catoblepas gores you but does no damage.
You are engulfed in calcifying dust.
The death yak gores you!! The death yak barely misses you.
The catoblepas gores you!!
You are engulfed in calcifying dust.
The death yak gores you but does no damage.
The death yak gores you. The catoblepas completely misses you.
The death yak gores you but does no damage.
The death yak gores you!
The catoblepas begins to attack, but is stunned by your conviction!
The death yak gores you but does no damage. x2
The catoblepas gores you!! The death yak gores you! x2
* * * LOW HITPOINT WARNING * * *
You focus your inner power and illuminate the death yak in retribution!
The catoblepas breathes a plume of calcifying dust at you.
The blast of calcifying dust hits you but does no damage.
You are engulfed in calcifying dust.
The death yak gores you!!
* * * LOW HITPOINT WARNING * * *
The death yak gores you!!
* * * LOW HITPOINT WARNING * * *
The catoblepas gores you but does no damage.
You turn to flesh and can move again.
Unknown command.
You completely miss the death yak.
The death yak is moderately wounded.
You are engulfed in calcifying dust.
You are slowing down.
The death yak is stunned by your conviction and fails to attack.
You redirect the death yak's attack!
The death yak barely misses the yak.
You redirect the dream sheep's attack!
The catoblepas begins to attack, but is stunned by your conviction!
You hit the death yak but do no damage. You bite the death yak.
The death yak is moderately wounded.
You are engulfed in calcifying dust.
The death yak gores you.
* * * LOW HITPOINT WARNING * * *
The death yak completely misses you. The catoblepas gores you!!
You die...

,,***,,,,,,*,,,,****,,,,,,,**
*
,**,,,,,,,..P...,,,<,,,,,,,,*
*
,***,,,,,,,.......,,,,,,,,,**
* ,*
*,,,,,,,,.....,,,,,,,,,,* *
,***,,,,,,,##....,*,,,*,,,,*
*
,,**,,,,,,*#.....,*,***,,,,*
* ,****,,,**##..YY#****
**,,,* * ,,**,,,,* #.$YYY##
*,,,,** * .#*#....###.#YYYW#
*,,,,,* * .###.....##..YYY##
**,,,,* * ...*#....####YYY##
*,,,,^* * ..###...##


#PFYYY# **,,,,** * ..#P#...P####.YY.# **,,,,,,****
....#....P#....Y.##***,,,,,,***,* PPP......P#......Y...,,*,,,,,*,,,
.................Y.Y.,,,,,,,,,,,, ....................YY,,,,,,,,,,, You could
see 4 death yaks, a catoblepas, 12 yaks, a cane toad and 2 dream sheep.

Vanquished Creatures
  The ghost of Chimkentus the Trooper, a journeyman TrFi of Ashenzari (D:11)
  2 two-headed ogres (D:11)
  A boulder beetle (D:12)
  5 death yaks (Lair:1)
  A goliath frog (Lair:2)
  An orc knight (Bailey)
  A deep elf pyromancer (D:12)
  An ugly thing (D:11)
  6 cane toads
  Jeremiah (D:8)
  3 komodo dragons
  2 trolls
  Grinder (D:6)
  A hornet (D:9)
  8 dream sheep (Lair:5)
  5 blink frogs (Lair:1)
  Sigmund (D:3)
  A ynoxinul (D:11)
  3 wraiths
  4 wyverns
  16 yaks
  A shadow (D:11)
  4 humans (D:10)
  3 steam dragons
  6 vampire mosquitoes (D:12)
  Menkaure (D:6)
  7 water moccasins
  2 acid dragons
  3 sky beasts (D:7)
  3 ice beasts
  15 orc warriors
  2 ogres
  6 centaurs
  5 wolves (Lair:2)
  A phantom (D:4)
  A kobold brigand (D:9)
  8 bullfrogs
  A gnoll sergeant (D:12)
  3 scorpions
  10 wights
  2 howler monkeys (D:7)
  4 jellies
  10 orc priests
  A sleepcap (D:8)
  Jessica (D:3)
  2 iguanas
  10 orc wizards
  11 gnolls
  3 adders
  2 shadow imps
  4 white imps
  2 ufetubi (D:6)
  A ribbon worm (D:2)
  A dart slug (D:2)
  55 orcs
  5 ball pythons
  7 endoplasms
  7 giant cockroaches
  6 goblins
  15 hobgoblins
  14 jackals
  4 quokkas
  5 bats
  A frilled lizard (D:2)
  8 kobolds
  7 rats
335 creatures vanquished.

Vanquished Creatures (others)
  A two-headed ogre (D:11)
  A komodo dragon (Lair:1)
  An orc wizard (D:11)
  2 orcs
5 creatures vanquished.

Grand Total: 340 creatures vanquished

Notes
Turn   | Place    | Note
-------+----------+-------------------------------------------
     0 | D:1      | Dirian the Draconian Shapeshifter began the quest for the
                  | Orb.
     0 | D:1      | Reached XP level 1. HP: 16/16 MP: 1/1
   229 | D:1      | Reached XP level 2. HP: 21/23 MP: 2/2
   885 | D:1      | Reached XP level 3. HP: 28/28 MP: 3/3
   908 | D:1      | Found a faded altar of an unknown god.
   921 | D:1      | Prayed at the altar of an unknown god.
   921 | D:1      | Became a worshipper of Ru the Awakened
   923 | D:1      | Gained mutation: You are hated by all. [Ru sacrifice]
   923 | D:1      | Reached * piety under Ru
   923 | D:1      | Reached ** piety under Ru
  1497 | D:2      | Reached XP level 4. HP: 33/35 MP: 4/4
  1999 | D:3      | Noticed Sigmund
  2016 | D:3      | Killed Sigmund
  2017 | D:3      | Reached skill level 5 in Unarmed Combat
  2017 | D:3      | Reached skill level 4 in Shapeshifting
  2017 | D:3      | Reached XP level 5. HP: 40/40 MP: 5/5
  2159 | D:3      | Reached XP level 6. HP: 41/47 MP: 6/6
  2362 | D:3      | Noticed Jessica
  2369 | D:3      | Killed Jessica
  3118 | D:4      | Your scales start taking on a fiery red colour.
  3118 | D:4      | Reached XP level 7. HP: 53/53 MP: 7/7
  3118 | D:4      | Gained mutation: Your flesh is heat resistant. (rF+) [Red
                  | Draconian growth]
  3118 | D:4      | Found Diojev's Distillery.
  3127 | D:4      | Bought a potion of curing for 39 gold pieces
  3127 | D:4      | Bought 2 potions of might for 104 gold pieces
  3357 | D:5      | Entered Level 5 of the Dungeon
  3447 | D:5      | Found a white marble altar of Elyvilon.
  4021 | D:5      | Found an iron altar of Okawaru.
  4076 | D:5      | Found a shimmering altar of Xom.
  4141 | D:5      | Found a staircase to the Ecumenical Temple.
  4238 | D:6      | Reached skill level 5 in Shapeshifting
  4342 | D:6      | Noticed Grinder
  4364 | D:6      | Killed Grinder
  4553 | D:6      | Reached XP level 8. HP: 22/61 MP: 8/8
  5337 | D:7      | Found Nirch's Jewellery Shop.
  5362 | D:7      | Noticed Menkaure
  5409 | D:6      | Killed Menkaure
  5410 | D:6      | Reached skill level 6 in Shapeshifting
  5739 | D:7      | Reached XP level 9. HP: 69/69 MP: 9/9
  5941 | D:7      | Gained mutation: You cannot be stealthy. [Ru sacrifice]
  6259 | D:8      | Reached skill level 7 in Shapeshifting
  6288 | D:8      | Noticed Jeremiah
  6382 | D:8      | Killed Jeremiah
  6383 | D:8      | Reached skill level 1 in Throwing
  6383 | D:8      | Reached skill level 10 in Unarmed Combat
  6672 | D:8      | Found an ancient bone altar of Kikubaaqudgha.
  6680 | D:8      | Found a bloodstained altar of Trog.
  6877 | D:8      | Found a hide-covered altar of Uskayaw.
  7198 | D:9      | Reached XP level 10. HP: 78/78 MP: 10/10
  7321 | D:9      | Reached skill level 5 in Dodging
  7363 | D:9      | Found a broken altar of Ashenzari.
  7506 | D:9      | Found a runed translucent door.
  7507 | D:9      | Found a shimmering altar of Xom.
  7507 | D:9      | Noticed Flippered's ghost (novice SpHu)
  7507 | D:9      | Noticed a +1 war axe of chaos
  7559 | D:9      | Reached skill level 8 in Shapeshifting
  7735 | D:9      | Found an ornate altar of the Wu Jian Council.
  7927 | D:10     | Entered Level 10 of the Dungeon
  7928 | D:10     | Identified a scroll of acquirement
  7981 | D:10     | Gained mutation: You cannot study or use magical devices.
                  | [Ru sacrifice]
  7981 | D:10     | Reached *** piety under Ru
  7981 | D:10     | Reached **** piety under Ru
  8052 | D:10     | Found a flagged portal.
  8058 | D:10     | Identified the +1 halberd "Tiqixaer" {holy, rPois rF+
                  | Int-3}
  8072 | Bailey   | Entered a bailey
  8317 | Bailey   | Noticed an orc knight
  8334 | Bailey   | Killed an orc knight
  8398 | Bailey   | Identified the +1 pair of boots "Umuraufu" {Str+2}
  8459 | Bailey   | Acquired a manual of Dodging
  8472 | D:10     | Reached skill level 9 in Shapeshifting
  8647 | D:10     | Reached skill level 5 in Throwing
  8647 | D:10     | Reached XP level 11. HP: 79/85 MP: 11/11
  8897 | D:10     | Found a runed translucent door.
  8925 | D:10     | Found a runed translucent door.
  8930 | D:10     | Noticed a great orb of eyes
  8931 | D:10     | Noticed a deep elf knight
  8931 | D:10     | Noticed a skeletal warrior
  8931 | D:10     | Noticed a necromancer
  8931 | D:10     | Noticed a lich
  8932 | D:10     | Noticed Sapher's ghost (weakling SpDe)
  9390 | D:11     | Found a staircase to the Lair.
  9412 | D:11     | Reached skill level 10 in Shapeshifting
  9522 | D:11     | Noticed a cyan ugly thing
  9530 | D:11     | Killed a purple ugly thing
  9649 | D:11     | Noticed Chimkentus's ghost (journeyman TrFi)
  9655 | D:11     | Found a runed translucent door.
  9903 | D:11     | Reached skill level 5 in Fighting
  9997 | D:11     | Found a staircase to the Orcish Mines.
 10233 | D:11     | Killed Chimkentus's ghost
 10472 | D:11     | Reached skill level 11 in Shapeshifting
 10490 | D:12     | Noticed a two-headed ogre
 10490 | D:12     | Noticed a two-headed ogre
 10493 | D:12     | Noticed a boulder beetle
 10504 | D:11     | Killed a two-headed ogre
 10546 | D:12     | Noticed a two-headed ogre
 10561 | D:11     | Killed a two-headed ogre
 10619 | D:12     | Noticed a deep elf pyromancer
 10644 | D:11     | Killed a two-headed ogre
 10701 | D:12     | Killed a deep elf pyromancer
 10702 | D:12     | Reached skill level 1 in Shields
 10742 | D:12     | Killed a boulder beetle
 11103 | D:12     | Found a glowing silver altar of Zin.
 11104 | D:12     | Noticed an angel
 11245 | Lair:1   | Entered Level 1 of the Lair of Beasts
 11274 | Lair:1   | Reached XP level 12. HP: 40/95 MP: 12/12
 11450 | Lair:1   | Found a sacrificial altar of Ru.
 11550 | Lair:1   | Reached skill level 12 in Shapeshifting
 11798 | Lair:1   | Noticed a death yak
 11798 | Lair:1   | Noticed a death yak
 11798 | Lair:1   | Noticed a death yak
 11798 | Lair:1   | Noticed a death yak
 11798 | Lair:1   | Noticed a death yak
 11841 | Lair:1   | Killed a death yak
 11842 | Lair:1   | Reached skill level 10 in Dodging
 11847 | Lair:1   | Killed a death yak
 11851 | Lair:1   | Killed a death yak
 11861 | Lair:1   | Killed a death yak
 11864 | Lair:1   | Killed a death yak
 12400 | Lair:2   | Identified the +1 ring mail of Meqebleb {-Tele rPois rF+++
                  | Dex+3}
 12446 | Lair:2   | Found a staircase to the Swamp.
 12995 | Lair:3   | Reached skill level 13 in Shapeshifting
 13105 | Lair:3   | You fall into a shaft and drop 2 floors!
 13105 | Lair:5   | Entered Level 5 of the Lair of Beasts
 13152 | Lair:5   | Noticed a death yak
 13152 | Lair:5   | Noticed a death yak
 13154 | Lair:5   | Noticed a death yak
 13154 | Lair:5   | Noticed a death yak
 13158 | Lair:5   | Noticed a catoblepas
 13177 | Lair:5   | Mangled by a catoblepas

Illustrated notes

Levels and vault maps discovered:
D:1:      amcnicky_arrival_abandoned_market, layout_loops_corners,
          hellmonk_ecumenical_altar_run_dry
D:2:      layout_basic, basic_altar, minmay_goblin_kobold_house
D:3:      layout_loops_ring, minmay_liquid_box, uniq_sigmund, uniq_jessica
D:4:      layout_loops_ring, serial_shops, nicolae_shop_hallway_plus
D:5:      layout_basic, okawaru_altar_gauntlet_db, lemuel_tele_altar,
          lemuel_coloured_pillars_altar, lemuel_temple_firewalk_b,
          serial_corexii_hall, chequers_hall_statues_wall_a,
          corexii_hall_statues_s, chequers_hall_statues_wall_a,
          interstate_on_off
D:6:      layout_basic, uniq_grinder
D:7:      layout_basic, serial_shops, shop, uniq_menkaure
D:8:      layout_rooms, lemuel_round_altar, jmf_multi_god_temple2, uniq_jeremiah
D:9:      layout_small_grid, mainiacjoe_overflow_alcove_4,
          cheibrodos_ashenzari_chains, ebering_ghost_xom, grunt_ogre_cave,
          minmay_quadrilaterals
D:10:     layout_grid_maze, enter_bailey_2, muffindrake_ghost_dual_entry,
          minmay_ruffians
D:11:     layout_irregular_city, lair_entry_dummy, david_orc_4,
          hellmonk_ghost_big_iron, fedhas_altar_2
D:12:     layout_roguey, serial_rivers, chequers_serial_rivers_micro_a,
          chequers_serial_rivers_room_b, chequers_serial_rivers_large_a,
          chequers_serial_rivers_small_b, chequers_serial_rivers_small_b,
          drop_trap, zin_angel
D:13:     layout_rooms, led_xom_imps
Lair:1:   layout_cave_pods, basic_altar
Lair:2:   layout_gridlike, mainiacjoe_swamp_entry_lozenge_pond,
          grunt_megastairs_1
Lair:3:   layout_cave_pods, alex1729_snake_entry_snake, minivault_11,
          infiniplex_staircase_pool, serial_bayou_shore_b
Lair:5:   evilmike_catoblepas_cave, layout_long_grid, slime_entry_1,
          eino_house_with_fridge

Skill      XL: |  1  2  3  4  5  6  7  8  9 10 11 12 |
---------------+-------------------------------------+-----
Dodging        | 2 3 4 6 9 11 | 11.6
Unarmed Combat | 5 6 7 9 10 | 10.4
Shapeshifting  | 4 5 6 7 9 11 13 | 13.1
Fighting       | 2 3 4 5 7 |  7.5
Throwing       | 3 5 6 |  6.3
Shields        | 1 |  1.5

Action                     |  1- 3 |  4- 6 |  7- 9 | 10-12 || total
---------------------------+-------+-------+-------+-------++-------
  Melee: Unarmed           |   120 |   113 |   304 |   782 ||  1319
         Tailslap          |    14 |    10 |    41 |   133 ||   198
         Punch             |     3 |     3 |    10 |       ||    16
         Maw               |       |       |       |    35 ||    35
  Throw: Boomerang         |       |       |    33 |       ||    33
 Invoke: Sacrifice Love    |     1 |       |       |       ||     1
         Reject Sacrifices |       |     1 |       |     2 ||     3
         Sacrifice Stealth |       |       |     1 |       ||     1
         Sacrifice Artific |       |       |       |     1 ||     1
    Use: Potion            |       |     1 |       |     3 ||     4
         Scroll            |       |    12 |     2 |     9 ||    23
   Stab: Invisible         |       |     1 |       |     5 ||     6
         Sleeping          |       |       |     1 |       ||     1
         Distracted        |       |       |       |     2 ||     2
         Paralysed         |       |       |       |     1 ||     1
 Armour: Skin              |    71 |    46 |   162 |   360 ||   639
  Dodge: Dodged            |    86 |    58 |   171 |   565 ||   880
  Block: Buckler           |       |       |       |    18 ||    18
   Form: Beast             |     1 |       |     2 |       ||     3
                           |       |       |     3 |     2 ||     5
         Flux              |       |       |     1 |     3 ||     4
         Maw               |       |       |       |     2 ||     2

Table legend: (Time is in decaauts)
 A = Elapsed time spent in this place.
 B = Non-inter-level travel time spent in this place.
 C = Inter-level travel time spent in this place.
 D = Time resting spent in this place.
 E = Time spent auto-exploring this place.
 F = Levels seen in this place.
 G = Mean time per level.
                   A        B        C        D        E       F      G
               +--------+--------+--------+--------+--------+-----+--------+
         Total |  13006 |  12523 |    483 |    170 |   9331 |  18 |  722.6 |
       Dungeon |  10730 |  10307 |    423 |    170 |   7809 |  13 |  825.4 |
          Lair |   1892 |   1833 |     59 |      0 |   1430 |   4 |  473.0 |
        Bailey |    382 |    382 |      0 |      0 |     92 |   1 |  382.0 |
               +--------+--------+--------+--------+--------+-----+--------+

Top non-repeatable levels by time:
     D:6: 1203 daAuts
     D:1: 1033 daAuts
    D:10: 1031 daAuts
    D:11: 1029 daAuts
  Lair:1: 1006 daAuts
     D:2: 955 daAuts
     D:7: 896 daAuts
     D:9: 843 daAuts
     D:5: 816 daAuts
    D:12: 790 daAuts
     D:8: 772 daAuts
  Lair:2: 703 daAuts
     D:4: 687 daAuts
     D:3: 661 daAuts
  Bailey: 382 daAuts
